 Dungeon Crawl Stone Soup version 0.28-a0-653-g7e9dba17c3 (webtiles) character file.

Game seed: 2281409447629822595

116 Woods the Sneak (level 4, -2/24 HPs)
             Began as a Vampire Enchanter on Oct 12, 2021.
             Slain by an orc (13 damage)
             ... on level 3 of the Dungeon.
             The game lasted 00:05:17 (2089 turns).

Woods the Sneak (Vampire Enchanter)                 Turns: 2089, Time: 00:05:18

Health: -2/24      AC:  2    Str:  8    XL:     4   Next: 70%
Magic:  7/7        EV: 12    Int: 17    God:
Gold:   75         SH:  0    Dex: 14    Spells: 7/7 levels left

rFire   . . .      SeeInvis +   a - +1 dagger
rCold   + + .      Faith    .   (no shield)
rNeg    + + +      Spirit   .   b - +0 robe
rPois   ∞          Reflect  .   (no helmet)
rElec   .          Harm     .   (no cloak)
rCorr   .          Rampage  .   (no gloves)
Will    .....                   (no boots)
Stlth   +++++.....              (no amulet)
HPRegen 0.00/turn               (no ring)
MPRegen 0.10/turn               (no ring)

@: bloodless, inhibited regen
A: bloodless, fangs 3, see invisible, vampiric 2
a: Bat Form, Revivify


You were on level 3 of the Dungeon.
You visited 1 branch of the dungeon, and saw 3 of its levels.

You collected 75 gold pieces.

Inventory:

Hand Weapons
 a - a +1 dagger (weapon)
Armour
 b - a +0 robe (worn)
Jewellery
 j - a ring of flight
Scrolls
 d - a scroll of amnesia {unknown}
 e - 2 scrolls of noise {unknown}
 f - 2 scrolls of identify {unknown}
 k - a scroll of fear {unknown}
 l - a scroll of vulnerability {unknown}
 o - a scroll of holy word {unknown}
 p - a scroll of torment {unknown}
Potions
 c - a potion of invisibility
 g - a potion of might {unknown}
 h - a potion of haste {unknown}
 i - a potion of curing {unknown}
 m - a potion of flight {unknown}
 n - a potion of resistance {unknown}


   Skills:
 + Level 3.6 Short Blades
 - Level 2.1 Dodging
 + Level 6.8 Stealth
 - Level 2.0 Spellcasting
 - Level 4.4 Hexes


You had 7 spell levels left.
You didn't know any spells.
Your spell library contained the following spells:

 Spells                   Type           Power      Damage    Failure   Level
 Confusing Touch          Hex            16%        N/A       10%         3
 Tukima's Dance           Hex            16%        N/A       10%         3
 Ensorcelled Hibernation  Hex/Ice        18%        N/A       12%         2
 Dazzling Flash           Conj/Hex       18%        N/A       24%         3
 Sticky Flame             Conj/Fire      1%         2d3       88%         4
 Borgnjor's Vile Clutch   Necr/Erth      0%         N/A       99%         5
 Starburst                Conj/Fire      0%         6d3       100%        6


Dungeon Overview and Level Annotations

Branches:
Dungeon (3/15)

Altars:


Innate Abilities, Weirdness & Mutations

You do not regenerate when monsters are visible.
You are frail without blood (-20% HP).
You can heal yourself when you bite living creatures.
You are immune to poison.
You have razor-sharp teeth.
You have supernaturally acute eyesight. (SInv)
You are afflicted with vampirism and can become a bat while bloodless.


Message History

You hit the hobgoblin. You bite the hobgoblin.
You draw the hobgoblin's blood!
The hobgoblin is heavily wounded.
The hobgoblin hits you.
You hit the hobgoblin.
You kill the hobgoblin!
An orc comes into view.
It is wielding a +0 falchion of electrocution.
You see here a hobgoblin corpse.
You see here a scroll labelled APPACZ OMOR.
p - a scroll labelled APPACZ OMOR
There is a stone staircase leading up here.
You hit the orc but do no damage. You hit the orc.
The orc is lightly wounded.
The orc misses you.
You hit the orc but do no damage.
The orc is lightly wounded.
The orc hits you with a +0 falchion of electrocution.
You closely miss the orc.
The orc is lightly wounded.
The orc barely misses you.
You hit the orc but do no damage.
The orc is lightly wounded.
The orc closely misses you.
You hit the orc but do no damage.
The orc is lightly wounded.
You hit the orc but do no damage.
The orc is lightly wounded.
The orc closely misses you.
You hit the orc but do no damage.
The orc is lightly wounded.
The orc hits you with a +0 falchion of electrocution.
You hit the orc but do no damage.
The orc is lightly wounded.
The orc misses you.
You barely miss the orc.
The orc is lightly wounded.
The orc hits you with a +0 falchion of electrocution.
You are electrocuted!
Ouch! That really hurt!
You die...

#############
##.....#.....##
##.............##
#...............#
#............†..####
#..†....@o...........
#...............#####
#..........(....#
##..[..........##
##.....#.....##
#########..## ##.#
#.#


You could see an orc.

Vanquished Creatures
  An ogre (D:2)
  2 dart slugs
  2 ball pythons
  3 endoplasms
  A goblin (D:2)
  6 hobgoblins
  2 jackals (D:3)
  A quokka (D:2)
  3 bats
  2 frilled lizards
  3 rats
26 creatures vanquished.

Notes
Turn   | Place    | Note
-------+----------+-------------------------------------------
     0 | D:1      | Woods the Vampire Enchanter began the quest for the Orb.
     0 | D:1      | Reached XP level 1. HP: 13/13 MP: 3/3
   477 | D:1      | Reached skill level 5 in Stealth
   477 | D:1      | Reached XP level 2. HP: 10/15 MP: 5/5
   816 | D:1      | Got the Papyrus of Dark Secrets and Flames
  1391 | D:2      | Noticed an ogre
  1399 | D:2      | Killed an ogre
  1400 | D:2      | Reached skill level 6 in Stealth
  1400 | D:2      | Gained mutation: You are afflicted with vampirism and can
                  | become a bat while bloodless. [Vampire growth]
  1400 | D:2      | Reached XP level 3. HP: 19/19 MP: 6/6
  1400 | D:2      | Reached XP level 4. HP: 24/24 MP: 7/7
  2089 | D:3      | Slain by an orc

Illustrated notes

Levels and vault maps discovered:
D:1:      psy_arrival_terrarium, layout_basic
D:2:      layout_rooms
D:3:      layout_rooms, general_overflow_altar, corexii_corridor_pit,
          kennysheep_generic_room_2

Skill      XL: |  1  2 |
---------------+-------+-----
Stealth        | 5 6 |  6.8
Short Blades   | 3 |  3.6
Dodging        | |  2.1
Spellcasting   | |  2.0
Hexes          | |  4.4

Action                   |  1- 3 |  4- 6 || total
-------------------------+-------+-------++-------
Melee: Dagger            |    79 |    52 ||   131
       Bite              |     7 |     4 ||    11
 Abil: Exsanguinate      |     1 |       ||     1
 Stab: Sleeping          |     4 |     3 ||     7
       Distracted        |       |     1 ||     1
Armor: Robe              |    27 |     2 ||    29
Dodge: Dodged            |    57 |    25 ||    82

Table legend: (Time is in decaauts)
 A = Elapsed time spent in this place.
 B = Non-inter-level travel time spent in this place.
 C = Inter-level travel time spent in this place.
 D = Time resting spent in this place.
 E = Time spent auto-exploring this place.
 F = Levels seen in this place.
 G = Mean time per level.
                   A        B        C        D        E       F      G
               +--------+--------+--------+--------+--------+-----+--------+
         Total |   2073 |   2031 |     42 |    891 |    681 |   3 |  691.0 |
       Dungeon |   2073 |   2031 |     42 |    891 |    681 |   3 |  691.0 |
               +--------+--------+--------+--------+--------+-----+--------+

Top non-repeatable levels by time:
     D:2: 1119 daAuts
     D:1: 877 daAuts
     D:3: 76 daAuts
